Map: King Sejong Station LE

Players

BlackMagic

  • Race: Terran Terran
  • League: Diamond

Miszu - Winner!

  • Race: Terran Terran
  • League: Master

VOD

Have the link to the VOD?

Description

Time

  • Played on: June 30, 2016, 11:23 a.m.
  • Length: 4:20
Show
View Real Time Build Order
Export as new Build Order

BlackMagic Terran 

Build Orders:  

Get SALT Encoding   

  12  0:01  SCV  
  13  0:16  Supply Depot  
  13  0:41  Barracks  
  13  0:49  Barracks  
  13  1:04  Barracks  
  13  1:28  Marine  
  13  1:31  Barracks  
  14  1:36  Marine  
  15  1:46  Marine  
  16  1:51  Marine  
  16  1:54  Marine  
  18  1:59  Supply Depot  
  18  2:04  Marine  
  19  2:12  Marine  
  20  2:18  Marine  
  20  2:19  Marine  
  22  2:26  Marine  
  22  2:30  Marine  
  22  2:36  Marine  
  24  2:42  Marine  
  21  2:46  Marine  
  21  2:51  Marine  
  22  3:01  Marine  
  22  3:04  Marine  
  20  3:09  Marine  
  17  3:12  Marine  
  17  3:19  Marine  
  17  3:26  Marine  
  17  3:27  Marine  
  17  3:33  Marine  
  16  3:39  Marine  
  16  3:45  Marine  
  17  3:49  Marine  
  18  3:55  Marine  
  18  4:01  Marine  
Show
View Real Time Build Order
Export as new Build Order

Miszu Terran - Winner!

Build Orders:  

Get SALT Encoding   

  12  0:01  SCV  
  13  0:14  SCV  
  14  0:18  Supply Depot  
  14  0:26  SCV  
  15  0:39  SCV  
  15  0:41  Barracks  
  16  0:44  Refinery  
  16  0:51  SCV  
  17  1:01  Barracks  
  17  1:04  SCV  
  18  1:16  SCV  
  19  1:30  Reaper  
  19  1:32  Orbital Command  
  20  1:49  Reaper  
  20  1:50  Supply Depot  
  21  1:57  SCV  
  22  2:04  Reaper  
  23  2:12  SCV  
  23  2:14  Bunker  
  25  2:22  Reaper  
  25  2:24  SCV  
  25  2:42  Bunker  
  23  2:47  Reaper  
  23  2:49  SCV  
  22  2:52  Refinery  
  19  3:01  SCV  
  19  3:03  Bunker  
  16  3:05  Reaper  
  15  3:13  SCV  
  15  3:25  SCV  
  15  3:37  SCV  
  15  3:39  Reaper  
  17  3:49  SCV  
  18  4:01  SCV  
Tags
 
Add a new tag
Caveats
  • Supply blocks, unpowered buildings, or Contaminate may cause inaccurate times.
  • Supply counts are checked every 10 seconds.